 Dungeon Crawl Stone Soup version 0.20.0-8-g6b59dc7 (webtiles) character file.

3073 McKennaii the Carver (level 9, -2/70 HPs)
             Began as a Demonspawn Abyssal Knight on June 2, 2017.
             Was an Elder of Lugonu.
             Slain by a warg (11 damage)
             ... on level 7 of the Dungeon.
             The game lasted 00:14:22 (7856 turns).

McKennaii the Carver (Demonspawn Abyssal Knight)    Turns: 7856, Time: 00:14:22

Health: -2/70      AC: 12    Str: 14    XL:     9   Next: 58%
Magic:  19/20      EV:  9    Int: 13    God:    Lugonu [****..]
Gold:   368        SH:  7    Dex: 15    Spells: 8/8 levels left

rFire    + . .     SeeInvis .   e - +1 long sword (elec)
rCold    . . .     Gourm    .   a - +0 buckler
rNeg     + . .     Faith    .   f - +1 chain mail {rF+}
rPois    .         Spirit   .   (no helmet)
rElec    .         Reflect  +   F - scarf {cloud immunity}
rCorr    .         Harm     .   (no gloves)
MR       .....                  C - +0 pair of boots
Stlth    ..........             k - +2 amulet of reflection
Regen    0.3/turn               s - ring of magical power
MPRegen  0.2/turn               y - ring of positive energy

@: no status effects
A: claws 2, repulsion field 1, demonic guardian 1, rot immunity
a: Depart the Abyss, Bend Space, Banish, Corrupt, Renounce Religion


You were on level 7 of the Dungeon.
You worshipped Lugonu.
Lugonu was greatly pleased with you.
You were very hungry.

You visited 1 branch of the dungeon, and saw 8 of its levels.
You visited the Abyss 1 time.

You collected 422 gold pieces.
You spent 54 gold pieces at shops.

Inventory:

Hand Weapons
 e - a +1 long sword of electrocution (weapon)
Armour
 a - a +0 buckler (worn)
 f - a +1 chain mail of fire resistance (worn)
 C - a +0 pair of boots (worn)
 F - a scarf of cloud immunity (worn)
Jewellery
 k - a +2 amulet of reflection (around neck)
 s - a ring of magical power (left claw)
 y - a ring of positive energy (right claw)
 G - a cursed amulet of inaccuracy {unknown}
Wands
 h - a wand of enslavement (17/24)
 m - a wand of flame (20/48)
 o - a wand of iceblast (7/15)
 u - a wand of random effects (10/48)
 w - a wand of flame (18/48)
 A - a wand of polymorph (8/24)
Scrolls
 j - a scroll of identify
 p - 3 scrolls of remove curse
 t - a scroll of teleportation
 D - a scroll of recharging {unknown}
 E - a scroll of blinking {unknown}
Potions
 b - a potion of curing
 g - a potion of flight
 i - 3 potions of ambrosia
 l - 2 potions of mutation
 n - a potion of lignification
 q - 2 potions of heal wounds
 v - 3 potions of agility {unknown}
 z - 2 potions of degeneration {unknown}
 B - a potion of invisibility {unknown}
Comestibles
 c - 7 bread rations
 d - 2 royal jellies
 r - 4 meat rations
 x - 6 fruits


   Skills:
 + Level 6.3 Fighting
 + Level 8.2 Long Blades
 + Level 6.1 Armour
 + Level 2.3 Dodging
 + Level 1.7 Stealth
 + Level 3.5 Shields
 + Level 3.5 Invocations


You had 8 spell levels left.
You didn't know any spells.

Dungeon Overview and Level Annotations

Branches:
Dungeon (8/15)             Temple (0/1) D:7
   Lair: D:8-11

Altars:
Ashenzari
Okawaru
Qazlal
Vehumet
Yredelemnul
The Shining One

Shops:
D:5 [

Annotations:
D:7 Prince Ribbit
D:8 Erica


Innate Abilities, Weirdness & Mutations

You have very sharp fingernails.
You are surrounded by a mild repulsion field. (EV +2)
A weak demonic guardian rushes to your aid.
You are immune to rotting.


Message History

That tangerine was delicious!
You block the giant cockroach's attack. The warg bites you.
The giant cockroach bites you but does no damage.
Space bends around you!
You blink.
The warg pauses to sniff the ground.
The warg closely misses you.
Prince Ribbit hops awkwardly around.
You block the warg's attack.
Your shadow imp misses the giant cockroach.
The giant cockroach bites you but does no damage.
The warg bites you.
* * * LOW HITPOINT WARNING * * *
Your shadow imp hits the giant cockroach.
The warg bites your shadow imp.
Prince Ribbit blinks!
Your shadow imp hits the giant cockroach.
The warg bites you!
* * * LOW HITPOINT WARNING * * *
Space bends around you!
You blink.
You block Prince Ribbit's attack. The warg bites you!
You die...

........## ##...# #..# ........#
##...# #..# .......## #....##
##.## .......# #.....# ##..##
.......#####.....#####....###
.#.....##...................###
###.#..................#......###
# ####....####§h.......####......
##....### #.h@......## ###....
###......# ##s.F......## ##..#
#........#####.5.#.......####...#
..........................##...##
.....###..................#...##
....## ##..######.............#
..[.# #..# #............## ...##
#..# ##...........# ## ...##
###..# ##..........()###.


You could see Prince Ribbit, 2 wargs, a giant cockroach and a friendly shadow
imp.

Vanquished Creatures
  A two-headed ogre (D:7)
  A hippogriff (D:7)
  A hungry ghost (D:7)
  A warg (D:7)
  Duvessa (D:7)
  An orc warrior (D:7)
  An ice beast (D:6)
  An ogre (D:7)
  2 phantoms
  3 centaurs (D:6)
  2 big kobolds (D:7)
  A bullfrog (D:7)
  A scorpion (D:6)
  6 killer bees (D:7)
  4 crimson imps
  A bullfrog zombie (D:7)
  A hound (D:7)
  Crazy Yiuf (D:4)
  A quasit (D:5)
  7 orc wizards
  Natasha (thrice) (D:3)
  Terence (D:2)
  3 worker ants
  2 hound zombies (D:7)
  A worker ant zombie (D:8)
  5 adders
  4 gnolls
  2 worms
  2 dart slugs
  4 leopard geckos
  14 orcs
  3 giant cockroaches
  9 goblins
  5 hobgoblins
  18 jackals
  2 quokkas
  7 bats
  10 frilled lizards
  A giant cockroach zombie (D:5)
  A jackal skeleton (D:4)
  14 kobolds
  A leopard gecko skeleton (D:6)
  A quokka zombie (D:7)
  5 rats (D:2)
156 creatures vanquished.

Vanquished Creatures (collateral kills)
  A phantom (D:5)
  An ogre (D:6)
  Dowan (D:7)
  3 orc wizards
  An adder (D:3)
  A shadow imp (D:7)
  A leopard gecko (D:8)
  10 orcs
  A goblin (D:3)
  A jackal (D:5)
  5 kobolds
26 creatures vanquished.

Grand Total: 182 creatures vanquished

Notes
Turn   | Place    | Note
-------+----------+-------------------------------------------
     0 | Abyss:1  | McKennaii the Demonspawn Abyssal Knight began the quest for the Orb.
     0 | Abyss:1  | Reached XP level 1. HP: 18/18 MP: 2/2
    54 | Abyss:2  | Noticed a large abomination
    63 | Abyss:2  | Noticed a fire bat
    65 | Abyss:2  | Noticed an orange demon
    67 | D:1      | Escaped the Abyss
    87 | D:1      | Found a shattered altar of Ashenzari.
   268 | D:1      | Reached skill level 1 in Dodging
   333 | D:1      | Reached * piety under Lugonu
   333 | D:1      | Gained mutation: A weak demonic guardian rushes to your aid. [demonic ancestry]
   333 | D:1      | Reached XP level 2. HP: 19/24 MP: 3/3
   922 | D:2      | Gained mutation: You have sharp fingernails. [demonic ancestry]
   922 | D:2      | Reached XP level 3. HP: 29/29 MP: 4/4
   942 | D:2      | Reached skill level 2 in Long Blades
   972 | D:2      | Found a basalt altar of Yredelemnul.
   973 | D:2      | Found an iron altar of Okawaru.
  1256 | D:2      | Noticed Terence
  1273 | D:2      | Killed Terence
  1273 | D:2      | Gained mutation: You are immune to rotting. [demonic ancestry]
  1273 | D:2      | Reached XP level 4. HP: 24/37 MP: 5/5
  1567 | D:2      | Found a faded altar of an unknown god.
  1870 | D:3      | Reached skill level 3 in Long Blades
  1891 | D:3      | Reached ** piety under Lugonu
  2133 | D:3      | Gained mutation: You are surrounded by a mild repulsion field. (EV +2) [demonic ancestry]
  2133 | D:3      | Reached XP level 5. HP: 33/42 MP: 6/6
  2258 | D:3      | Found a glowing golden altar of the Shining One.
  2340 | D:3      | Noticed Natasha
  2345 | D:3      | Killed Natasha
  2470 | D:3      | Noticed Natasha
  2478 | D:3      | Killed Natasha
  2508 | D:3      | Noticed Natasha
  2523 | D:3      | Killed Natasha
  2730 | D:4      | Reached skill level 4 in Long Blades
  2730 | D:4      | Reached XP level 6. HP: 47/48 MP: 7/7
  3003 | D:4      | Reached *** piety under Lugonu
  3470 | D:4      | Found a runed door.
  3747 | D:4      | Noticed Crazy Yiuf
  3760 | D:4      | Killed Crazy Yiuf
  3803 | D:5      | Entered Level 5 of the Dungeon
  3951 | D:5      | Found Neghyac's Armour Boutique.
  3975 | D:5      | Bought a +0 buckler for 54 gold pieces
  4108 | D:5      | Reached skill level 1 in Stealth
  4125 | D:5      | Reached XP level 7. HP: 54/55 MP: 8/8
  4217 | D:5      | Found a stormy altar of Qazlal.
  4644 | D:6      | Reached skill level 5 in Long Blades
  4644 | D:6      | Reached skill level 1 in Shields
  4958 | D:6      | Reached skill level 5 in Fighting
  4958 | D:6      | Gained mutation: You have very sharp fingernails. [demonic ancestry]
  4958 | D:6      | Reached XP level 8. HP: 62/62 MP: 9/9
  5361 | D:6      | Found a radiant altar of Vehumet.
  5407 | D:6      | Reached skill level 5 in Armour
  5450 | D:6      | Reached skill level 6 in Long Blades
  5724 | D:7      | Reached **** piety under Lugonu
  5734 | D:7      | Found a staircase to the Ecumenical Temple.
  5802 | D:7      | Found an iron altar of Okawaru.
  5915 | D:7      | Noticed a hippogriff
  5926 | D:7      | Killed a hippogriff
  5926 | D:7      | Reached skill level 7 in Long Blades
  6354 | D:7      | Noticed Duvessa
  6356 | D:7      | Noticed Dowan
  6363 | D:7      | Killed Duvessa
  6363 | D:7      | Reached XP level 9. HP: 59/69 MP: 10/10
  6368 | D:7      | Killed Dowan
  6955 | D:8      | Noticed a two-headed ogre
  6957 | D:8      | Noticed Erica
  7106 | D:7      | Killed a two-headed ogre
  7158 | D:8      | Noticed Prince Ribbit
  7165 | D:8      | Noticed a two-headed ogre
  7169 | D:7      | Reached skill level 8 in Long Blades
  7832 | D:8      | Noticed a two-headed ogre
  7856 | D:7      | Slain by a warg

Skill      XL: |  1  2  3  4  5  6  7  8  9 |
---------------+----------------------------+-----
Dodging        | 1 2 |  2.3
Armour         | 2 3 4 5 6 |  6.1
Long Blades    | 2 3 4 5 7 8 |  8.2
Fighting       | 4 5 6 |  6.3
Stealth        | 1 |  1.7
Shields        | 1 2 3 |  3.5
Invocations    | 3 |  3.5

Action                   |  1- 3 |  4- 6 |  7- 9 || total
-------------------------+-------+-------+-------++-------
Melee: Falchion          |   133 |   228 |       ||   361
       Long sword        |       |    19 |   277 ||   296
Invok: Depart the Abyss  |     1 |       |       ||     1
       Bend Space        |       |       |     6 ||     6
  Use: Scroll            |     2 |       |    10 ||    12
 Stab: Distracted        |       |       |     2 ||     2
  Eat: Chunk             |     1 |     9 |    12 ||    22
       Fruit             |       |       |     2 ||     2
Armor: Chain mail        |   134 |   150 |   178 ||   462
Dodge: Dodged            |    47 |    94 |   137 ||   278
Block: Other             |     3 |    15 |       ||    18
       Reflection        |     1 |       |     4 ||     5
       Buckler           |       |     6 |   110 ||   116
       Rpst.: Falchion   |    15 |    25 |       ||    40
       Long sword        |       |     3 |    37 ||    40
